 Dungeon Crawl Stone Soup version 0.31.0-12-g77e489cdc1 (webtiles) character file.

Game seed: 7698942177487983085

26712 sking99 the Fighter (level 13, -12/122 HPs)
             Began as a Red Draconian Alchemist on Mar 1, 2024.
             Was a Believer of Ignis.
             Shot with an arrow by Nessos (20 damage)
             ... on level 3 of the Lair of Beasts.
             The game lasted 00:44:06 (18913 turns).

sking99 the Fighter (Red Draconian Alchemist)      Turns: 18913, Time: 00:44:07

Health: -12/122    AC:  9    Str: 12    XL:     13   Next: 0%
Magic:  28/32      EV: 19    Int: 19    God:    Ignis [**....]
Gold:   570        SH:  0    Dex: 18    Spells: 3/25 levels left

rFire   + + .        l - +3 dagger (elec)
rCold   . . .        (no shield)
rNeg    . . .        (body armour unavailable)
rPois   .            (helmet restricted)
rElec   .            n - +0 cloak
rCorr   .            (no gloves)
SInv    .            (no boots)
Will    .....        o - amulet of Ruf Ope {Regen+ MP+9}
Stlth   ++           q - ring of wizardry
HPRegen 1.20/turn    K - +6 ring of dexterity
MPRegen 0.23/turn

%: wizardry (x1)
@: about to teleport
A: breathe fire, AC +8, unfitting armour, fire resistance 1, cold-blooded
a: Breathe Fire, Renounce Religion, Fiery Armour, Foxfire Swarm


You were on level 3 of the Lair of Beasts.
You worshipped Ignis.
Ignis was pleased with you.
You visited 3 branches of the dungeon, and saw 15 of its levels.

You collected 666 gold pieces.
You spent 96 gold pieces at shops.

Inventory:

Hand Weapons
 l - a +3 dagger of electrocution (weapon)
Missiles
 s - 3 throwing nets
Armour
 n - a +0 cloak (worn)
 I - a +0 pair of gloves
Jewellery
 e - a ring of flight
 o - the amulet of Ruf Ope (around neck) {Regen+ MP+9}
   (You found it on level 3 of the Dungeon)

   [amulet of regeneration]

   MP+9:      It affects your magic capacity (+9).
   Regen+:    It increases your rate of health regeneration.
 q - a ring of wizardry (left hand)
 t - an amulet of magic regeneration
 E - a ring of see invisible
 J - an amulet of the acrobat
 K - a +6 ring of dexterity (right hand)
 O - a ring of willpower
Wands
 m - a wand of polymorph (15)
 y - a wand of mindburst (10)
 z - a wand of acid (22)
 A - a wand of flame (43)
 B - a wand of iceblast (9)
Scrolls
 b - 3 scrolls of revelation
 d - a scroll of poison
 f - 2 scrolls of immolation
 h - 4 scrolls of amnesia
 i - a scroll of blinking
 u - 2 scrolls of teleportation
 C - 9 scrolls of identify
 F - 3 scrolls of vulnerability {unknown}
 G - a scroll of fear {unknown}
 M - a scroll of silence {unknown}
 N - a scroll of enchant armour {unknown}
Potions
 a - a potion of magic
 c - 12 potions of heal wounds
 g - a potion of brilliance
 j - a potion of attraction
 k - a potion of resistance
 p - a potion of enlightenment
 r - 3 potions of curing
 v - 2 potions of ambrosia
 w - a potion of berserk rage
 x - 2 potions of mutation
 D - a potion of lignification
 H - a potion of cancellation
 L - 2 potions of degeneration {unknown}
Miscellaneous
 P - a phial of floods


   Skills:
 + Level 13.1 Fighting
 + Level 10.7 Dodging
 - Level 1.7 Stealth
 + Level 6.8 Spellcasting
 + Level 6.9 Conjurations
 + Level 7.5 Fire Magic
 - Level 2.0 Air Magic
 - Level 2.2 Earth Magic
 - Level 9.2 Alchemy


You had 3 spell levels left.
You knew the following spells:

 Your Spells              Type           Power      Damage    Failure   Level
a - Stone Arrow           Conj/Erth      46%        3d9       1%          3
b - Fireball              Conj/Fire      16%        3d8       6%          5
c - Mephitic Cloud        Conj/Alch/Air  29%        N/A       1%          3
d - Olgreb's Toxic Radia  Alch           41%        N/A       1%          4
e - Sticky Flame          Fire/Alch      38%        2d8       1%          4
f - Mercury Vapours       Alch/Air       54%        N/A       1%          2
g - Sting                 Conj/Alch      100%       1d9       1%          1

Your spell library contained the following spells:

 Spells                   Type           Power      Damage    Failure   Level
 Foxfire                  Conj/Fire      100%       2x1d9     1%          1
 Dazzling Flash           Conj/Hex       38%        N/A       3%          3
 Lesser Beckoning         Tloc           12%        N/A       6%          2
 Gell's Gravitas          Tloc           6%         N/A       12%         3
 Teleport Other           Tloc           6%         N/A       12%         3
 Brom's Barrelling Bould  Conj/Erth      23%        2d4       6%          4
 Iskenderun's Battlesphe  Conj           32%        2d8       7%          5
 Summon Lightning Spire   Summ/Air       10%        N/A       26%         4
 Starburst                Conj/Fire      16%        6d6       32%         6
 Lee's Rapid Deconstruct  Erth           7%         3d6*      41%         5
 Silence                  Hex/Air        5%         N/A       56%         5
 Plasma Beam              Fire/Air       12%        2x1d23    63%         6
 Conjure Ball Lightning   Conj/Air       11%        3x3d6     67%         6
 Curse of Agony           Necr           6%         N/A       71%         5
 Orb of Destruction       Conj           16%        9d7       87%         7
 Lehudib's Crystal Spear  Conj/Erth      11%        10d4      100%        8
 Animate Armour           Summ/Erth      Unusable   N/A       N/A         4

Dungeon Overview and Level Annotations

Branches:
Dungeon (11/15)            Temple (1/1) D:4            Lair (3/5) D:11
  Swamp (0/4) Lair:2          Orc (0/2) D:11
  Snake: Lair:2-3    Spider: Lair:2-3

Altars:
Ashenzari
Cheibriados
Dithmenos
Elyvilon
Fedhas
Gozag
Hepliaklqana
Kikubaaqudgha
Makhleb
Nemelex Xobeh
Okawaru
Qazlal
Ru
Sif Muna
Trog
Uskayaw
Vehumet
Wu Jian
Xom
Yredelemnul
Zin
The Shining One
Ignis

Shops:
D:4 ::*   D:5 *   D:8 ?

Annotations:
D:11 2 runed translucent doors, phunky83's ghost, adept FeSu
Lair:3 Nessos


Innate Abilities, Weirdness & Mutations

You can breathe blasts of fire.
Your fiery red scales are hard. (AC +8)
You cannot fit into any form of body armour.
Your flesh is heat resistant. (rF+)
You are cold-blooded and may be slowed by cold attacks.


Message History

Press: ? - help, Shift-Dir - straight line, f/p - Nessos
Aim: Nessos, wielding a +3 longbow of flaming and wearing a +0 barding (lightly wounded, fast)
Okay, then.
You feel extremely sick.
Nessos shoots an arrow.
The arrow hits you.
You are more poisoned.
Nessos intently looks at you, slowly moving their tail.
Nessos shoots an arrow.
The arrow hits you.
You are lethally poisoned!
Nessos shoots an arrow.
The arrow hits you.
You are more poisoned.
Blink to where?
Press: ? - help, Dir - move target, p - Nessos
As you read the scroll of blinking, it crumbles to dust.
* * * LOW HITPOINT WARNING * * *
You feel extremely sick.
You feel better.
Nessos gestures wildly while chanting.
Nessos blinks!
Nessos shoots an arrow.
The arrow misses you.
Nessos casts a spell.
Nessos blinks!
Nessos shoots an arrow.
The arrow hits you!
* * * LOW HITPOINT WARNING * * *
The arrow burns you.
You are poisoned.
* * * LOW HITPOINT WARNING * * *
Blink to where?
Press: ? - help, Dir - move target, f - you
Okay, then.
As you read the scroll of teleportation, it crumbles to dust.
You feel strangely unstable.
You feel very sick.
Nessos shoots an arrow.
The arrow completely misses you.
Nessos shoots an arrow.
The arrow hits you!
* * * LOW HITPOINT WARNING * * *
The arrow burns you.
You are more poisoned.
* * * LOW HITPOINT WARNING * * *
You feel better.
Nessos shoots an arrow.
The arrow hits you!!
You die...

##.............................
#...P..#)...........##.........
........$.......................
.#.............................#
##.......S.........#...........
#.................#...........
......##........#......##....#.
........#........#.##...###...#.
..........§c...@.#......###...#.
.....###....†..................
.... #P##....................
##.# #####....#..........###.
#..#.#P#...#..### ##
#.######....#.# .
##..##.........# #.
#..............#
###.#..........#


You could see Nessos (fast) and a water moccasin.

Vanquished Creatures
  Snorg (D:11)
  Josephine (D:11)
  A catoblepas (Lair:2)
  Erica (D:11)
  3 two-headed ogres
  A boulder beetle (Lair:2)
  Urug (D:11)
  Nergalle (D:11)
  Pikel (D:4)
  A manticore (D:11)
  8 elephants
  2 gargoyles
  Jeremiah (D:7)
  4 cane toads
  Maggie (D:6)
  A rime drake (Lair:1)
  A kobold demonologist (D:11)
  7 komodo dragons
  3 trolls
  A hornet (D:11)
  5 blink frogs (Lair:2)
  Prince Ribbit (D:7)
  2 shadows
  4 wraiths (D:11)
  3 wyverns
  18 yaks
  Grum (D:10)
  A warg (D:11)
  A steam dragon (Lair:3)
  2 basilisks
  A swamp worm (Lair:2)
  7 water moccasins
  7 orc warriors
  6 black bears
  A sky beast (D:7)
  An ice beast (D:6)
  3 centaurs
  3 ogres (D:5)
  10 wolves
  3 phantoms
  6 kobold brigands
  11 bullfrogs
  5 scorpions
  5 electric eels (Lair:2)
  3 howler monkeys
  3 bombardier beetles
  2 jellies
  7 orc priests
  Crazy Yiuf (D:2)
  3 hounds
  Jessica (D:3)
  A gnoll bouda (D:6)
  An iguana (D:6)
  Ijyb (D:3)
  2 sleepcaps
  4 orc wizards
  9 gnolls
  3 adders (D:2)
  A shadow imp (D:7)
  2 white imps (D:7)
  2 ufetubi (D:6)
  4 dart slugs
  3 ribbon worms
  43 orcs
  9 ball pythons
  8 endoplasms
  4 giant cockroaches
  10 goblins
  6 hobgoblins
  4 jackals (D:3)
  2 frilled lizards (D:3)
  31 kobolds
  5 rats
323 creatures vanquished.

Vanquished Creatures (others)
  40 foxfires (D:11)
40 creatures vanquished.

Grand Total: 363 creatures vanquished

Notes
Turn   | Place    | Note
-------+----------+-------------------------------------------
     0 | D:1      | sking99 the Draconian Alchemist began the quest for the
                  | Orb.
     0 | D:1      | Reached XP level 1. HP: 14/14 MP: 3/3
   161 | D:1      | Found a faded altar of an unknown god.
   280 | D:1      | Prayed at the altar of an unknown god.
   280 | D:1      | Became a worshipper of Ignis, the Dying Flame
   388 | D:1      | Reached XP level 2. HP: 20/20 MP: 0/5
  1115 | D:1      | Learned a level 2 spell: Mercury Vapours
  1304 | D:2      | Reached XP level 3. HP: 26/26 MP: 2/6
  2215 | D:2      | Reached XP level 4. HP: 27/33 MP: 0/7
  2347 | D:2      | Found a runed translucent door.
  2348 | D:2      | Noticed Crazy Yiuf
  2559 | D:2      | Killed Crazy Yiuf
  2560 | D:2      | Reached skill level 1 in Air Magic
  2705 | D:3      | Learned a level 3 spell: Mephitic Cloud
  2751 | D:3      | Identified the amulet of Ruf Ope {Regen+ MP+9}
  3044 | D:3      | Noticed Jessica
  3048 | D:3      | Killed Jessica
  3049 | D:3      | Reached XP level 5. HP: 38/38 MP: 5/9
  3744 | D:3      | Noticed Ijyb
  3755 | D:3      | Killed Ijyb
  3868 | D:3      | Learned a level 4 spell: Olgreb's Toxic Radiance
  4421 | D:4      | Found a shadowy altar of Dithmenos.
  4501 | D:4      | Reached skill level 5 in Alchemy
  4501 | D:4      | Reached XP level 6. HP: 43/45 MP: 6/10
  4554 | D:4      | Found a staircase to the Ecumenical Temple.
  4681 | Temple   | Entered the Ecumenical Temple
  4863 | D:4      | Found Vikk's Book Boutique.
  4864 | D:4      | Found Dovacieh's General Store.
  4865 | D:4      | Found Ughelos's Book Emporium.
  4982 | D:4      | Noticed Pikel
  4996 | D:4      | HP: 2/45 [lemure[Pikel] (1)]
  5336 | D:4      | Found a blossoming altar of Fedhas.
  5378 | D:4      | Found a white marble altar of Elyvilon.
  5612 | D:4      | Killed Pikel
  5613 | D:4      | Your scales start taking on a fiery red colour.
  5613 | D:4      | Reached XP level 7. HP: 6/50 MP: 0/13
  5613 | D:4      | Gained mutation: Your flesh is heat resistant. (rF+) [Red
                  | Draconian growth]
  5903 | D:5      | Entered Level 5 of the Dungeon
  5958 | D:5      | Learned a level 4 spell: Sticky Flame
  6043 | D:4      | Reached XP level 8. HP: 52/57 MP: 14/14
  6063 | D:5      | Reached skill level 1 in Fire Magic
  6272 | D:5      | Reached skill level 1 in Fighting
  6706 | D:5      | Found Nufyppac's Neck Hole.
  7114 | D:6      | Found a burning altar of Makhleb.
  7192 | D:6      | Reached skill level 2 in Fighting
  7192 | D:6      | Reached skill level 5 in Spellcasting
  7192 | D:6      | Reached skill level 5 in Conjurations
  7429 | D:6      | Found an iron altar of Okawaru.
  7695 | D:6      | Reached skill level 3 in Fighting
  7695 | D:6      | Reached XP level 9. HP: 69/69 MP: 13/16
  8053 | D:6      | Noticed Maggie
  8068 | D:6      | Killed Maggie
  8270 | D:7      | Reached skill level 4 in Fighting
  8491 | D:7      | Noticed Jeremiah
  8515 | D:7      | Killed Jeremiah
  8660 | D:7      | Reached skill level 5 in Fighting
  8660 | D:7      | Reached skill level 5 in Fire Magic
  8816 | D:7      | Noticed Prince Ribbit
  8821 | D:7      | Killed Prince Ribbit
  9399 | D:8      | Reached skill level 6 in Fighting
  9853 | D:8      | Found Ciad's Magic Scroll Shop.
  9862 | D:8      | Bought a scroll of identify for 24 gold pieces
  9862 | D:8      | Bought a scroll of identify for 24 gold pieces
  9862 | D:8      | Bought a scroll of identify for 24 gold pieces
  9862 | D:8      | Bought a scroll of identify for 24 gold pieces
 10005 | D:8      | Found a glowing silver altar of Zin.
 10006 | D:8      | Found a bloodstained altar of Trog.
 10007 | D:8      | Found a snail-covered altar of Cheibriados.
 10156 | D:9      | Reached XP level 10. HP: 84/84 MP: 11/17
 10671 | D:9      | Reached skill level 7 in Fighting
 10711 | D:9      | Noticed a two-headed ogre
 10718 | D:9      | Killed a two-headed ogre
 10719 | D:9      | Reached skill level 5 in Dodging
 11290 | D:9      | Noticed a two-headed ogre
 11313 | D:9      | Killed a two-headed ogre
 11314 | D:9      | Reached skill level 8 in Fighting
 11487 | D:10     | Entered Level 10 of the Dungeon
 11575 | D:10     | Identified the +4 flail of Wu Jian's Anger {venom, rN+
                  | Str-4 Dex+3}
 11701 | D:10     | Noticed a gargoyle
 11751 | D:10     | Killed a gargoyle
 11752 | D:10     | Reached skill level 9 in Fighting
 12065 | D:10     | Noticed a two-headed ogre
 12066 | D:10     | Noticed Grum
 12077 | D:10     | Killed a two-headed ogre
 12090 | D:10     | Killed Grum
 12289 | D:10     | Reached XP level 11. HP: 97/99 MP: 13/18
 12423 | D:10     | Found a hazy altar of Hepliaklqana.
 12424 | D:10     | Found a shimmering altar of Xom.
 12687 | D:11     | Noticed Erica
 12697 | D:11     | Killed Erica
 12834 | D:11     | Reached skill level 10 in Fighting
 12899 | D:11     | Noticed Urug
 12915 | D:11     | Killed Urug
 12942 | D:11     | Noticed Snorg
 13563 | D:11     | Found a staircase to the Lair.
 13594 | D:11     | Reached skill level 11 in Fighting
 13607 | D:11     | Killed Snorg
 13830 | D:11     | Found a staircase to the Orcish Mines.
 14067 | D:11     | Noticed Josephine
 14076 | D:11     | Killed Josephine
 14161 | D:11     | Learned a level 3 spell: Stone Arrow
 14340 | D:11     | Found a large runed translucent door.
 14340 | D:11     | Found a large runed translucent door.
 14344 | D:11     | Noticed phunky83's ghost (adept FeSu)
 14362 | D:11     | Noticed Nergalle
 14370 | D:11     | Killed Nergalle
 14371 | D:11     | Reached skill level 12 in Fighting
 14371 | D:11     | Reached skill level 1 in Earth Magic
 14562 | D:11     | Found a hazy altar of Hepliaklqana.
 14771 | Lair:1   | Entered Level 1 of the Lair of Beasts
 15032 | Lair:1   | Reached XP level 12. HP: 99/112 MP: 18/19
 15501 | Lair:1   | Reached skill level 10 in Dodging
 15999 | Lair:1   | Learned a level 5 spell: Fireball
 17228 | Lair:2   | Noticed a catoblepas
 17261 | Lair:2   | Killed a catoblepas
 17390 | Lair:2   | Noticed a boulder beetle
 17412 | Lair:2   | Killed a boulder beetle
 18081 | Lair:2   | Found a staircase to the Swamp.
 18387 | Lair:3   | Reached skill level 13 in Fighting
 18879 | Lair:3   | Reached XP level 13. HP: 115/122 MP: 23/23
 18904 | Lair:3   | Noticed Nessos
 18912 | Lair:3   | HP: 3/122 [Nessos/arrow (15)]
 18912 | Lair:3   | HP: 1/122 [Nessos/arrow (2)]
 18913 | Lair:3   | Shot with an arrow by Nessos

Illustrated notes

Levels and vault maps discovered:
D:1:      saegor_arrival_simple_c, layout_basic,
          hellmonk_ecumenical_altar_lost_god
D:2:      layout_basic, uniq_crazy_yiuf_cottage
D:3:      layout_loops_corners, uniq_jessica, uniq_ijyb
D:4:      layout_gridville, mainiacjoe_overflow_chevrons,
          mainiacjoe_overflow_swirl, minmay_temple_entry_trees,
          minmay_misc_feat_plants, minmay_misc_feat_pillars,
          nicolae_wooded_promenade, uniq_pikel
D:5:      layout_cave_pools, amcnicky_mini_corridor_feature,
          nicolae_shop_sticking_my_neck_out
D:6:      layout_cave_pools, okawaru_trees_2, makhleb_heckhound_becter,
          serial_rivers, chequers_serial_rivers_small_b,
          chequers_serial_rivers_large_b, chequers_serial_rivers_micro_d,
          chequers_serial_rivers_small_b, grunt_ministairs_5, chequers_garden,
          uniq_maggie
D:7:      layout_cave_pools, uniq_prince_ribbit1, uniq_jeremiah
D:8:      layout_basic, gammafunk_temple_overflow_claw, serial_shops,
          nicolae_square_shop
D:9:      layout_basic, nicolae_underground_beach
D:10:     layout_basic, regret_index_temple_of_mockery, uniq_grum
D:11:     layout_irregular_city, due_lair_maze_entry_diamond,
          david_orc_1_choice, ebering_ghost_disaster_area,
          nicolae_hepliaklqana_hippocampus, uniq_nergalle, uniq_josephine,
          uniq_erica, uniq_snorg, uniq_urug
Temple:   chequers_temple_sunken
Lair:1:   layout_cave_pods, grunt_megastairs_5
Lair:2:   layout_long_grid, nicolae_swamp_entry_splash_gauntlet, serial_bayou,
          serial_bayou_lagoon_b, serial_bayou_shore_b, serial_bayou_pond_b,
          serial_bayou_lake_a
Lair:3:   layout_gridlike, minmay_snake_entry_six_corridors, uniq_amaemon,
          uniq_nessos

Skill      XL: |  1  2  3  4  5  6  7  8  9 10 11 12 |
---------------+-------------------------------------+-----
Conjurations   | 2 4 5 6 |  6.9
Alchemy        | 4 5 6 7 8 9 |  9.2
Air Magic      | 1 2 |  2.0
Spellcasting   | 3 4 5 6 |  6.8
Fire Magic     | 4 5 7 |  7.5
Fighting       | 3 6 9 12 13 | 13.1
Dodging        | 4 7 9 10 | 10.7
Earth Magic    | 2 |  2.2
Stealth        | |  1.7

Action                     |  1- 3 |  4- 6 |  7- 9 | 10-12 | 13-15 || total
---------------------------+-------+-------+-------+-------+-------++-------
  Melee: Unarmed           |    10 |     9 |       |       |       ||    19
         Tailslap          |     1 |     2 |     7 |    31 |       ||    41
         Whip              |       |     4 |       |       |       ||     4
         Dagger            |       |    13 |    47 |   137 |       ||   197
         Punch             |       |     1 |     1 |     3 |       ||     5
   Cast: Sting             |    65 |   113 |    92 |    61 |       ||   331
         Mercury Vapours   |     5 |    12 |    23 |    35 |       ||    75
         Mephitic Cloud    |       |     3 |     3 |     5 |       ||    11
         Olgreb's Toxic Ra |       |       |    17 |    65 |       ||    82
         Sticky Flame      |       |       |    18 |    70 |       ||    88
         Stone Arrow       |       |       |       |    69 |       ||    69
         Fireball          |       |       |       |     9 |     1 ||    10
 Invoke: Rising Flame      |       |     1 |       |       |       ||     1
         Fiery Armour      |       |       |     2 |     4 |       ||     6
         Foxfire Swarm     |       |       |       |     2 |       ||     2
Ability: Breathe Fire      |       |       |     1 |     1 |       ||     2
    Use: Scroll            |       |       |    18 |     2 |     2 ||    22
         Potion            |       |       |       |     1 |     2 ||     3
   Stab: Sleeping          |       |       |     1 |       |       ||     1
 Armour: Skin              |    10 |    51 |    89 |   277 |     8 ||   435
  Dodge: Dodged            |    23 |    57 |    95 |   252 |     6 ||   433
